 Dungeon Crawl Stone Soup version 0.31-a0-986-g5e6e4ef867 (webtiles) character file.

Game seed: 9820308311867635085

5279 damiac the Grappler (level 10, -1/96 (100) HPs)
             Began as a Troll Fighter on Nov 11, 2023.
             Was a Believer of Jiyva.
             Slain by a steam dragon (6 damage)
             ... on level 8 of the Dungeon on Nov 12, 2023.
             The game lasted 00:27:22 (7356 turns).

damiac the Grappler (Troll Fighter)                 Turns: 7356, Time: 00:27:22

HP:   -1/96 (100)   AC:  5    Str: 26    XL:     10   Next: 36%
MP:   9/9           EV: 10    Int:  8    God:    Jiyva [**....]
Gold: 239           SH: 14    Dex:  9    Spells: 9/9 levels left

rFire   . .          .
                       - Unarmed
rCold   . . .        b - +0 kite shield
rNeg    . . .        a - +0 robe
rPois   .            (helmet restricted)
rElec   .            k - +0 cloak
rCorr   +            (gloves unavailable)
SInv    .            (boots unavailable)
Will    .....        x - amulet of reflection
Stlth   +            (no ring)
HPRegen 2.12/turn    (no ring)
MPRegen 0.41/turn

%: reflection
@: lethally poisoned (-1 -> -2), lightly drained
A: large, unfitting armour, claws 3, regeneration 1, shaggy fur 1, tough skin 1
a: Renounce Religion


You were on level 8 of the Dungeon.
You worshipped Jiyva.
Jiyva was pleased with you.
You visited 1 branch of the dungeon, and saw 8 of its levels.
You also visited: Sewer.

You collected 267 gold pieces.
You spent 28 gold pieces at shops.

Inventory:

Missiles
 d - 45 stones (quivered)
 h - 5 javelins
 y - 5 poisoned darts
Armour
 a - a +0 robe (worn)
 b - a +0 kite shield (worn)
 k - a +0 cloak (worn)
 w - a +0 tower shield
Jewellery
 x - an amulet of reflection (around neck)
 z - an amulet of guardian spirit
Talismans
 f - a maw talisman
Wands
 l - a wand of charming (5)
Scrolls
 m - 7 scrolls of teleportation
 n - a scroll of silence {unknown}
 p - a scroll of enchant armour {unknown}
 u - a scroll of vulnerability
 v - 2 scrolls of immolation {unknown}
Potions
 c - 2 potions of might
 e - a potion of cancellation
 g - 2 potions of degeneration {unknown}
 j - 3 potions of resistance
 o - 2 potions of haste {unknown}
 q - 2 potions of mutation
 r - a potion of invisibility {unknown}
 s - a potion of attraction {unknown}
 t - a potion of ambrosia {unknown}


   Skills:
 + Level 6.9 Fighting
 + Level 6.9 Dodging
 + Level 7.7 Shields
 + Level 8.0 Unarmed Combat


You had 9 spell levels left.
You didn't know any spells.
Your spell library was empty.

Dungeon Overview and Level Annotations

Branches:
Dungeon (8/15)             Temple (0/1) D:4           Sewer (visited)
   Lair: D:8-11

Altars:
Ashenzari
Elyvilon
Hepliaklqana
Makhleb
Qazlal
Trog
Vehumet
Zin
The Shining One

Shops:
D:1 !   D:3 [**=

Annotations:
D:4 2 transporters, sokol815's ghost, amateur OpGl


Innate Abilities, Weirdness & Mutations

You are too large for most types of armour.
You have claws for hands.
Your natural rate of healing is unusually fast.
You are covered in fur. (AC +1)
You have tough skin. (AC +1)


Message History

You hear a distant slurping noise.
The killer bee misses you.
You claw the killer bee!
The killer bee is heavily wounded.
You block the killer bee's attack. The killer bee closely misses you.
You block the killer bee's attack. x2; The killer bee stings you.
* * * LOW HITPOINT WARNING * * *
The steam dragon bites you!
* * * LOW HITPOINT WARNING * * *
The steam dragon claws you.
* * * LOW HITPOINT WARNING * * *
You feel much better.
You feel sick. The killer bee misses you.
You block the killer bee's attack. x2; The killer bee barely misses you.
You block the killer bee's attack. The killer bee stings you.
* * * LOW HITPOINT WARNING * * *
The steam dragon closely misses you. The steam dragon claws you.
* * * LOW HITPOINT WARNING * * *
You hear a distant slurping noise.
You hear a squelching noise.
You miss the killer bee.
The killer bee is heavily wounded.
You feel sick. The killer bee stings you.
* * * LOW HITPOINT WARNING * * *
The killer bee stings you.
* * * LOW HITPOINT WARNING * * *
You are more poisoned.
The killer bee poisons you! The killer bee stings you.
* * * LOW HITPOINT WARNING * * *
The killer bee stings you.
* * * LOW HITPOINT WARNING * * *
The killer bee closely misses you. The steam dragon bites you.
* * * LOW HITPOINT WARNING * * *
You block the steam dragon's attack. The killer bee stings you.
* * * LOW HITPOINT WARNING * * *
You closely miss the killer bee.
The killer bee is heavily wounded.
You feel sick. You block the killer bee's attack. The killer bee misses you.
The killer bee completely misses you. You block the killer bee's attack.
The killer bee stings you but does no damage.
The steam dragon bites you.
You die...

.............##
..............#
...../........#
..............#
#............#
#.......y..# #.<##
#.yy## ##D@y# #...##
#####...##
#........##
###..#....#
####....## ##....###.
#### ####)........
#....####............


You could see a steam dragon and 3 killer bees.

Vanquished Creatures
  A cyclops (D:7)
  Jeremiah (D:7)
  Sigmund (D:5)
  A vampire (D:7)
  2 wyverns
  4 water moccasins
  4 black bears
  3 orc warriors
  A sky beast (D:7)
  6 ice beasts
  2 ogres (D:5)
  A centaur (D:7)
  2 phantoms
  The ghost of Sundig the Shield-Bearer, an amateur VSFi (D:3)
  A gnoll sergeant (D:6)
  3 bullfrogs
  4 scorpions
  2 wights (D:7)
  4 killer bees
  2 howler monkeys
  An electric eel (D:6)
  5 jellies (Sewer)
  A gnoll bouda (D:6)
  6 orc priests
  2 hounds
  3 sleepcaps
  Natasha (thrice) (D:3)
  8 iguanas
  3 orc wizards
  11 gnolls
  7 adders
  A river rat (Sewer)
  A shadow imp (D:5)
  2 white imps
  5 ufetubi
  6 worms
  27 orcs
  13 endoplasms
  7 giant cockroaches
  7 goblins
  5 hobgoblins
  7 kobolds
  6 quokkas
  5 ball pythons
  7 bats
  6 frilled lizards
  6 rats
207 creatures vanquished.

Vanquished Creatures (others)
  2 water moccasins
  A howler monkey (D:6)
  12 jellies
  3 hounds (D:5)
  A gnoll bouda (D:5)
  2 iguanas
  An orc wizard (D:4)
  4 gnolls
  An ufetubus (D:5)
  5 orcs
  3 endoplasms
  A giant cockroach (D:4)
  A hobgoblin (D:4)
  A frilled lizard (D:3)
38 creatures vanquished.

Grand Total: 245 creatures vanquished

Notes
Turn   | Place    | Note
-------+----------+-------------------------------------------
     0 | D:1      | damiac the Troll Fighter began the quest for the Orb.
     0 | D:1      | Reached XP level 1. HP: 22/22 MP: 0/0
    52 | D:1      | Reached XP level 2. HP: 9/29 MP: 1/1
   180 | D:1      | Found Ruureav's Distillery.
   224 | D:1      | Reached XP level 3. HP: 36/36 MP: 2/2
  1226 | D:2      | Found a faded altar of an unknown god.
  1777 | D:3      | Found Icikk's Antique Armour Boutique.
  1788 | D:3      | Reached XP level 4. HP: 44/44 MP: 3/3
  1801 | D:3      | Reached skill level 3 in Unarmed Combat
  1826 | D:3      | Noticed Natasha
  1830 | D:3      | Killed Natasha
  1841 | D:3      | Found a bloodstained altar of Trog.
  1845 | D:3      | Found a runed translucent door.
  1858 | D:3      | Noticed Sundig's ghost (amateur VSFi)
  1863 | D:3      | Reached XP level 5. HP: 53/53 MP: 4/4
  1868 | D:3      | Killed Sundig's ghost
  1896 | D:3      | Found Vireoda's General Store.
  1990 | D:3      | Found a glowing drain.
  1999 | Sewer    | Entered a sewer
  2096 | Sewer    | Reached XP level 6. HP: 60/61 MP: 5/5
  2217 | Sewer    | Reached skill level 4 in Unarmed Combat
  2219 | Sewer    | Found a viscous altar of Jiyva.
  2229 | Sewer    | Became a worshipper of Jiyva Juviyten the Shapeless
  2285 | D:3      | Noticed Natasha
  2292 | D:3      | Killed Natasha
  2317 | D:3      | Found Seme's General Store.
  2322 | D:3      | Bought a scroll of identify for 28 gold pieces
  2476 | D:3      | Noticed Natasha
  2481 | D:3      | Killed Natasha
  2588 | D:3      | Found Gofal's Jewellery Shop.
  2837 | D:4      | Reached XP level 7. HP: 68/68 MP: 6/6
  2885 | D:4      | Found a hazy altar of Hepliaklqana.
  2943 | D:4      | Found a broken altar of Ashenzari.
  2992 | D:4      | Found a transporter.
  2995 | D:4      | Reached * piety under Jiyva
  2995 | D:4      | Noticed sokol815's ghost (amateur OpGl)
  2999 | D:4      | Found a transporter.
  3018 | D:4      | Found a staircase to the Ecumenical Temple.
  3298 | D:4      | Found a burning altar of Makhleb.
  3298 | D:4      | Found a glowing golden altar of the Shining One.
  3430 | D:5      | Entered Level 5 of the Dungeon
  3514 | D:5      | Reached ** piety under Jiyva
  3526 | D:5      | Reached skill level 5 in Shields
  3526 | D:5      | Reached skill level 5 in Unarmed Combat
  3526 | D:5      | Reached XP level 8. HP: 47/79 MP: 7/7
  3702 | D:5      | Found the +6 shillelagh "Devastator" {shatter}
  3787 | D:5      | Reached skill level 5 in Dodging
  3797 | D:5      | Noticed Sigmund
  3831 | D:5      | Reached skill level 5 in Fighting
  3848 | D:5      | Killed Sigmund
  3874 | D:5      | Reached skill level 6 in Unarmed Combat
  3967 | D:6      | Found a radiant altar of Vehumet.
  4000 | D:6      | Reached XP level 9. HP: 67/88 MP: 8/8
  4020 | D:6      | Found a stormy altar of Qazlal.
  4273 | D:6      | Reached *** piety under Jiyva
  4705 | D:7      | Reached skill level 7 in Unarmed Combat
  4789 | D:7      | Noticed a cyclops
  4797 | D:7      | Killed a cyclops
  4798 | D:7      | Reached XP level 10. HP: 77/100 MP: 9/9
  4894 | D:7      | Found a glowing silver altar of Zin.
  4977 | D:7      | Noticed Jeremiah
  5011 | D:7      | Killed Jeremiah
  5423 | D:7      | Found a white marble altar of Elyvilon.
  7340 | D:8      | Reached skill level 8 in Unarmed Combat
  7356 | D:8      | Slain by a steam dragon

Illustrated notes

Levels and vault maps discovered:
D:1:      erik_arrival_orb_chamber, layout_loops_ring, serial_shops,
          nicolae_shop_window_shopping, nicolae_eternal_life
D:2:      layout_basic, shapermc_ecumenical_altar_hornbeckon
D:3:      layout_loops_cross, lemuel_crystal_altar, gup_sewer_entry_bubbles,
          serial_shops, shop, nicolae_shop_pleasant_corner_grove,
          shop_fountains, nicolae_shop_crystal, ebering_ghost_sewer_d,
          uniq_natasha
D:4:      layout_loops_cross, nicolae_hepliaklqana_hazy_memory,
          gammafunk_temple_overflow_elements, evilmike_ruin_ashenzari,
          minmay_temple_entry_statues_fountains, gammafunk_ghost_arena
D:5:      minmay_chambers_of_threes, layout_rooms,
          dilly_guarded_unrand_devastator, uniq_sigmund
D:6:      minmay_angry_zag, layout_rooms, nicolae_vehumet_altar_sigil,
          nicolae_qazlal_style_of_elements, minivault_14,
          chequers_serial_rivers_room_b, kennysheep_generic_room_13
D:7:      wad_guarded_room, layout_basic, mainiacjoe_overflow_swirl,
          hangedman_decor_opposing, uniq_jeremiah
D:8:      layout_cave_pods, okawaru_gym_becter,
          nicolae_wu_jian_immortal_techniques, minmay_holes

Skill      XL: |  1  2  3  4  5  6  7  8  9 10 |
---------------+-------------------------------+-----
Shields        | 3 4 5 6 7 |  7.7
Dodging        | 3 4 5 6 |  6.9
Unarmed Combat | 3 4 5 6 7 8 |  8.0
Fighting       | 3 4 5 6 |  6.9

Action                     |  1- 3 |  4- 6 |  7- 9 | 10-12 || total
---------------------------+-------+-------+-------+-------++-------
  Melee: Unarmed           |   128 |   118 |   315 |    87 ||   648
 Invoke: Oozemancy         |       |       |     2 |       ||     2
  Evoke: Wand              |       |       |       |     1 ||     1
    Use: Scroll            |     4 |     2 |       |       ||     6
         Potion            |       |       |       |     1 ||     1
   Stab: Sleeping          |     3 |     1 |     1 |       ||     5
 Armour: Robe              |    53 |    50 |   189 |    73 ||   365
  Dodge: Dodged            |    40 |    19 |   109 |    59 ||   227
  Block: Kite shield       |    42 |    28 |   113 |    93 ||   276
         Tower shield      |       |       |    18 |       ||    18
         Reflection        |       |       |       |     1 ||     1

Table legend: (Time is in decaauts)
 A = Elapsed time spent in this place.
 B = Non-inter-level travel time spent in this place.
 C = Inter-level travel time spent in this place.
 D = Time resting spent in this place.
 E = Time spent auto-exploring this place.
 F = Levels seen in this place.
 G = Mean time per level.
                   A        B        C        D        E       F      G
               +--------+--------+--------+--------+--------+-----+--------+
         Total |   7377 |   7051 |    326 |   1587 |   3800 |   9 |  819.7 |
       Dungeon |   7121 |   6795 |    326 |   1587 |   3672 |   8 |  890.1 |
         Sewer |    256 |    256 |      0 |      0 |    128 |   1 |  256.0 |
               +--------+--------+--------+--------+--------+-----+--------+

Top non-repeatable levels by time:
     D:1: 1573 daAuts
     D:2: 1515 daAuts
     D:3: 1051 daAuts
     D:7: 887 daAuts
     D:4: 786 daAuts
     D:6: 666 daAuts
     D:5: 541 daAuts
   Sewer: 256 daAuts
     D:8: 98 daAuts
